 Dungeon Crawl Stone Soup version 0.28.0-53-g5a82cb258f (webtiles) character file.

Game seed: 3873066788449604229

284 LustLizard the Fighter (level 6, 0/61 HPs)
             Began as a Gnoll Wanderer on Aug 16, 2022.
             Slain by a goblin
             ... wielding a +0 club
              (2 damage)
             ... on level 3 of the Dungeon.
             The game lasted 00:06:05 (3291 turns).

LustLizard the Fighter (Gnoll Wanderer)             Turns: 3291, Time: 00:06:05

Health: 0/61       AC: 11    Str: 12    XL:     6   Next: 29%
Magic:  8/8        EV:  6    Int: 10    God:
Gold:   80         SH:  0    Dex: 14    Spells: 8/8 levels left

rFire   . . .      SeeInvis .   e - +0 short sword
rCold   . . .      Faith    .   (no shield)
rNeg    . . .      Spirit   .   d - +0 chain mail
rPois   .          Reflect  .   (no helmet)
rElec   .          Harm     .   (no cloak)
rCorr   .          Rampage  .   (no gloves)
Will    .....                   (no boots)
Stlth   ..........              (no amulet)
HPRegen 0.20/turn               (no ring)
MPRegen 0.11/turn               (no ring)

@: hasted, very quick
A: fangs 1, strong nose, distributed training
a: no special abilities


You were on level 3 of the Dungeon.
You visited 1 branch of the dungeon, and saw 3 of its levels.

You collected 80 gold pieces.

Inventory:

Hand Weapons
 a - a +0 dagger
 e - a +0 short sword (weapon)
Missiles
 f - 67 stones (quivered)
Armour
 d - a +0 chain mail (worn)
 j - a +0 ring mail
Magical Staves
 l - a staff of cold
Jewellery
 h - a +6 ring of dexterity
Wands
 m - a wand of acid (6)
Scrolls
 b - 2 scrolls of teleportation
 g - a scroll of noise {unknown}
 n - a scroll of fog {unknown}
Potions
 c - a potion of mutation
 k - a potion of attraction {unknown}


   Skills:
 + Level 10.6 Fighting
 + Level 1.9 Short Blades
 + Level 1.9 Long Blades
 + Level 1.9 Axes
 + Level 1.9 Maces & Flails
 + Level 1.9 Polearms
 + Level 1.9 Staves
 + Level 1.9 Slings
 + Level 1.9 Bows
 + Level 1.9 Crossbows
 + Level 1.9 Throwing
 + Level 8.7 Armour
 + Level 1.9 Dodging
 + Level 1.9 Stealth
 + Level 1.9 Shields
 + Level 1.9 Unarmed Combat
 + Level 1.9 Spellcasting
 + Level 1.5 Conjurations
 + Level 1.5 Hexes
 + Level 1.5 Summonings
 + Level 1.5 Necromancy
 + Level 1.5 Translocations
 + Level 1.5 Transmutations
 + Level 1.5 Fire Magic
 + Level 1.5 Ice Magic
 + Level 1.5 Air Magic
 + Level 1.5 Earth Magic
 + Level 1.5 Poison Magic
 + Level 3.3 Invocations
 + Level 1.9 Evocations


You had 8 spell levels left.
You didn't know any spells.
Your spell library was empty.

Dungeon Overview and Level Annotations

Branches:
Dungeon (3/15)

Altars:

Annotations:
D:2 Sigmund


Innate Abilities, Weirdness & Mutations

You have very sharp teeth.
Your uncanny sense of smell can sniff out nearby items.
Your experience applies equally to all skills.


Message History

You barely miss the adder.
The adder is almost dead.
You feel sick. The adder bites you but does no damage.
The adder barely misses you.
You closely miss the adder. Your bite misses the adder.
The adder is severely wounded.
You feel sick. The adder bites you but does no damage.
You closely miss the adder.
The adder is severely wounded.
You feel sick.
You are no longer poisoned.
The adder bites you.
* * * LOW HITPOINT WARNING * * *
You are poisoned.
The adder poisons you!
You barely miss the adder. Your bite misses the adder.
The adder is severely wounded.
You feel sick. The adder barely misses you.
The adder bites you but does no damage.
You hit the adder.
The adder is almost dead.
You feel sick. The adder barely misses you.
You hit the adder.
You kill the adder!
You feel sick.
It was a potion of haste.
You feel yourself speed up.
You feel sick.
The frilled lizard bites you but does no damage.
Okay, then.
You hit the frilled lizard but do no damage.
* * * LOW HITPOINT WARNING * * *
You feel sick.
You are no longer poisoned.
The frilled lizard bites you but does no damage.
You miss the frilled lizard. You closely miss the frilled lizard.
Your bite misses the frilled lizard. The frilled lizard barely misses you.
You hit the frilled lizard.
You kill the frilled lizard!
You barely miss the goblin. The goblin hits you with a +0 club.
You die...

#.# ##.....##
#.##.# #) #.#
##...## #....# #.
#.# ##+## #..###
#. #.# #.#
#..#####. #.# #.#
#........ #.#
#######.#####
##.######
#.###...........#
#.#
#.......#.....#.
#.#
#####...##..@##
#.# ###.###g##
#.# #.# #........
..# #.# #.###.###
### #.# #.# #..
... ### ... ...
.....


You could see a goblin.

Vanquished Creatures
  A bullfrog (D:3)
  A scorpion (D:2)
  Jessica (D:2)
  An orc wizard (D:3)
  4 adders
  2 worms (D:3)
  3 dart slugs
  5 orcs (D:3)
  3 ball pythons
  7 endoplasms
  4 giant cockroaches
  5 goblins
  5 hobgoblins
  5 jackals
  2 kobolds
  2 quokkas
  3 bats
  2 frilled lizards
  4 rats
60 creatures vanquished.

Notes
Turn   | Place    | Note
-------+----------+-------------------------------------------
     0 | D:1      | Reached skill level 10 in Fighting
     0 | D:1      | LustLizard the Gnoll Wanderer began the quest for the Orb.
     0 | D:1      | LustLizard set off with the following items: a +0 dagger, a
                  | scroll of teleportation, a potion of mutation, a +0 chain
                  | mail
     0 | D:1      | Reached XP level 1. HP: 29/29 MP: 2/2
   131 | D:1      | Reached XP level 2. HP: 5/36 MP: 3/3
  1007 | D:1      | Reached XP level 3. HP: 41/42 MP: 4/4
  1187 | D:2      | Noticed Sigmund
  1394 | D:2      | Noticed Jessica
  1403 | D:2      | Killed Jessica
  1404 | D:2      | Reached skill level 1 in Short Blades
  1404 | D:2      | Reached skill level 1 in Long Blades
  1404 | D:2      | Reached skill level 1 in Axes
  1404 | D:2      | Reached skill level 1 in Maces & Flails
  1404 | D:2      | Reached skill level 1 in Polearms
  1404 | D:2      | Reached skill level 1 in Staves
  1404 | D:2      | Reached skill level 1 in Slings
  1404 | D:2      | Reached skill level 1 in Bows
  1404 | D:2      | Reached skill level 1 in Crossbows
  1404 | D:2      | Reached skill level 1 in Throwing
  1404 | D:2      | Reached skill level 1 in Dodging
  1404 | D:2      | Reached skill level 1 in Stealth
  1404 | D:2      | Reached skill level 1 in Shields
  1404 | D:2      | Reached skill level 1 in Unarmed Combat
  1404 | D:2      | Reached skill level 1 in Spellcasting
  1404 | D:2      | Reached skill level 1 in Evocations
  1483 | D:2      | Reached XP level 4. HP: 30/48 MP: 6/6
  2023 | D:2      | Noticed a scorpion
  2078 | D:2      | Reached skill level 1 in Conjurations
  2078 | D:2      | Reached skill level 1 in Hexes
  2078 | D:2      | Reached skill level 1 in Summonings
  2078 | D:2      | Reached skill level 1 in Necromancy
  2078 | D:2      | Reached skill level 1 in Translocations
  2078 | D:2      | Reached skill level 1 in Transmutations
  2078 | D:2      | Reached skill level 1 in Fire Magic
  2078 | D:2      | Reached skill level 1 in Ice Magic
  2078 | D:2      | Reached skill level 1 in Air Magic
  2078 | D:2      | Reached skill level 1 in Earth Magic
  2078 | D:2      | Reached skill level 1 in Poison Magic
  2190 | D:2      | Killed a scorpion
  2191 | D:2      | Reached XP level 5. HP: 10/54 MP: 7/7
  3270 | D:3      | Reached XP level 6. HP: 29/61 MP: 8/8
  3285 | D:3      | HP: 3/61 [poisoned by an adder]
  3287 | D:3      | HP: 1/61 [poisoned by an adder]
  3291 | D:3      | Slain by a goblin

Illustrated notes

Levels and vault maps discovered:
D:1:      kennysheep_arrival_seaside, layout_basic
D:2:      layout_loops_corners, uniq_sigmund, uniq_jessica
D:3:      layout_loops_corners, ebering_ecumenical_altar_abandoned,
          minmay_mini_jars

Skill      XL: |  1  2  3  4 |
---------------+-------------+-----
Fighting       | | 10.6
Short Blades   | 1 |  1.9
Long Blades    | 1 |  1.9
Axes           | 1 |  1.9
Maces & Flails | 1 |  1.9
Polearms       | 1 |  1.9
Staves         | 1 |  1.9
Slings         | 1 |  1.9
Bows           | 1 |  1.9
Crossbows      | 1 |  1.9
Throwing       | 1 |  1.9
Dodging        | 1 |  1.9
Stealth        | 1 |  1.9
Shields        | 1 |  1.9
Unarmed Combat | 1 |  1.9
Spellcasting   | 1 |  1.9
Evocations     | 1 |  1.9
Conjurations   | 1 |  1.5
Hexes          | 1 |  1.5
Summonings     | 1 |  1.5
Necromancy     | 1 |  1.5
Translocations | 1 |  1.5
Transmutations | 1 |  1.5
Fire Magic     | 1 |  1.5
Ice Magic      | 1 |  1.5
Air Magic      | 1 |  1.5
Earth Magic    | 1 |  1.5
Poison Magic   | 1 |  1.5
Invocations    | 3 |  3.3
Armour         | |  8.7

Action                   |  1- 3 |  4- 6 || total
-------------------------+-------+-------++-------
Melee: Dagger            |    78 |       ||    78
       Bite              |    15 |    22 ||    37
       Punch             |     2 |     3 ||     5
       Short sword       |    57 |   185 ||   242
Throw: Stone             |    26 |    24 ||    50
  Use: Potion            |       |     1 ||     1
Armor: Chain mail        |    85 |   112 ||   197
Dodge: Dodged            |    22 |    74 ||    96
